[Event "Titled Tuesday Blitz March 01 Early 2022"]
[White "Ohanyan, Emin"]
[Black "Tologon tegin, Semetei"]
[WhiteFideId "13312022"]
[BlackFideId "13800574"]
[WhiteElo "1809"]
[BlackElo "2258"]
[Result "1-0"]
[Round "11"]
[TimeControl "180+1"]
[Date "2022.03.01"]
[WhiteClock "0:00:04"]
[BlackClock "0:00:16"]

1. e4 e5 2. Ke2 Nf6 3. d4 exd4 4. e5 Qe7 5. Qxd4 Nc6 6. Qe3 Nxe5 7. Nf3 Nxf3 8. Kxf3 d5 9. h3 Bf5 10. Bd3 Be4+ 11. Bxe4 dxe4+ 12. Ke2 Nd5 13. Qb3 O-O-O 14. Nc3 Qe6 15. Nxd5 Rxd5 16. Be3 Qa6+ 17. c4 Rd3 18. Qb5 Qxb5 19. cxb5 Be7 20. Rhc1 Rhd8 21. Rc4 f5 22. Rac1 R8d7 23. R1c2 b6 24. g4 g6 25. Rc6 Bd6 26. f4 Kb7 27. a4 a5 28. bxa6+ Kxa6 29. b4 Bxb4 30. Rxc7 Rxc7 31. Rxc7 Ra3 32. Rxh7 Rxa4 33. Rh6 Ra2+ 34. Kd1 Kb5 35. Rxg6 Kc4 36. Bxb6 Ra1+ 37. Ke2 Ra2+ 38. Kf1 Bc3 39. gxf5 Rh2 40. f6 Rxh3 41. Ke2 Rf3 42. Be3 Bd4 43. Bxd4 Kxd4 44. Rg4 Re3+ 45. Kf2 Rf3+ 46. Kg2 Ra3 47. f7 Ra8 48. Rg8 Ra2+ 49. Kg3 Ra3+ 50. Kg4 Ke3 51. f8=Q Ra1 52. Kf5 Rg1 53. Qc5+ Kf3 54. Qc3+ e3 55. Qc6+ Kf2 56. Rxg1 Kxg1 57. Qf3 e2 58. Kg4 e1=Q 59. Qg3+ Kf1 60. Qf3+ Kg1 61. Qg3+ Kf1 62. Qxe1+ Kxe1 63. Kf3 Kd2 64. Ke4 Kc3 65. Kd5 Kb4 66. Kc6 Kc3 67. Kd6 Kd2 68. Ke6 Ke3 69. Ke5 Kf3 70. Kf5 Ke3 71. Ke5 Kf3 72. f5 Kg4 73. Kf6 Kf4 74. Kg6 Ke4 75. Kg5 Ke5 76. Kg6 Kd6 77. Kf6 Kd7 78. Kf7 Kd6 79. Kg7 Ke5 80. Kg6 Kd6 81. Kf7 Ke5 82. f6 Kd6 83. Kg6 Ke5 84. Kg5 Kd6 85. Kh6 Ke5 86. Kg6 Ke6 87. f7 Ke7 88. Kg7 Ke6 89. Kf8 Kf6 90. Ke8 Kg7 91. Ke7 Kg6 92. Ke6 Kg7 93. Ke7 Kg6 94. f8=R Kh7 95. Kf7 Kh6 96. Ra8 Kg5 97. Ra4 Kf5 98. Ra1 Ke5 99. Kg6 Kd5 100. Kf5 Kc5 101. Rh1 Kb5 102. Ke4 Kb4 103. Kd5 Kb3 104. Kd4 Kc2 105. Rh3 Kd2 106. Rh2+ Ke1 107. Ke3 Kf1 108. Re2 Kg1 109. Kf3 Kf1 110. Re7 Kg1 111. Ke4 Kf1 112. Kd5 Kg1 113. Kc6 Kf1 114. Kc5 Kg1 115. Rf7 Kg2 116. Kd4 Kg1 117. Ke3 Kg2 118. Kf4 Kg1 119. Kf3 Kh2 120. Rg7 Kh1 121. Kg3 Kg1 122. Rf7 Kh1 123. Rf2 Kg1 124. Rf4 Kh1 125. Rh4+ Kg1 126. Kf3 Kf1 127. Rh3 Ke1 128. Ke3 Kf1 129. Rg3 Ke1 130. Rg1# 1-0


[Site "https://www.chess.com"]

[Event "Titled Tuesday Blitz March 01 Early 2022"]
[White "Pacheco Lugo, Alejandro Jose"]
[Black "Quirke, Jeffrey"]
[WhiteFideId "3903745"]
[BlackFideId "2013029"]
[WhiteElo "2125"]
[BlackElo "2150"]
[Result "1-0"]
[Round "11"]
[TimeControl "180+1"]
[Date "2022.03.01"]
[WhiteClock "0:00:58"]
[BlackClock "0:00:01"]

1. e4 c5 2. Nf3 e6 3. d4 cxd4 4. Nxd4 a6 5. c4 Nf6 6. Nc3 Bb4 7. Qd3 d6 8. f4 e5 9. Nc2 Bxc3+ 10. bxc3 exf4 11. Bxf4 O-O 12. Be2 Re8 13. Bf3 Nc6 14. O-O Ne5 15. Qd4 Qc7 16. Ne3 Be6 17. Nd5 Bxd5 18. cxd5 Nfd7 19. a4 Rac8 20. Rab1 Qxc3 21. Qxc3 Rxc3 22. Rxb7 Ra3 23. Bd1 Nc5 24. Rb4 Ncd3 25. Rd4 Nxf4 26. Rxf4 Rb8 27. h3 g6 28. Kh2 Rb2 29. Rf1 Raa2 30. Rg1 Rd2 31. Rxd2 Rxd2 32. Kg3 a5 33. Bf3 Nxf3 34. gxf3 Ra2 35. Rc1 Rxa4 36. Rc6 Ra1 37. Rxd6 a4 38. Ra6 a3 39. d6 a2 40. Kf4 Rd1 41. Rxa2 Rxd6 42. Ke5 Rd1 43. Kf6 Rd8 44. e5 Re8 45. f4 Re6+ 46. Kg5 Kg7 47. Ra7 h6+ 48. Kg4 Rb6 49. h4 h5+ 50. Kf3 Rc6 51. Ke4 Rb6 52. Kd5 1-0


[Site "https://www.chess.com"]

[Event "Titled Tuesday Blitz March 01 Early 2022"]
[White "Panesar Vedant"]
[Black "Aldokhin, Ivan"]
[WhiteFideId "35033018"]
[BlackFideId "24115720"]
[WhiteElo "1971"]
[BlackElo "2231"]
[Result "1-0"]
[Round "11"]
[TimeControl "180+1"]
[Date "2022.03.01"]
[WhiteClock "0:00:19"]
[BlackClock "0:00:03"]

1. d4 Nf6 2. c4 g6 3. Nc3 Bg7 4. e4 d6 5. Nf3 O-O 6. Be2 Nc6 7. d5 Nb4 8. O-O Re8 9. a3 Na6 10. Be3 e6 11. h3 exd5 12. exd5 Nc5 13. Nd4 Bd7 14. Qc2 Rxe3 15. fxe3 Qe7 16. Rf3 Re8 17. Raf1 Nfe4 18. Rxf7 Qxf7 19. Rxf7 Kxf7 20. Bg4 Bxg4 21. hxg4 Bh6 22. Nd1 Nf6 23. b4 Ncd7 24. Qf2 Ne5 25. Ne6 Nxg4 26. Qg3 Bg7 27. Nf2 Nxf2 28. Qxf2 Bh8 29. e4 Re7 30. e5 dxe5 31. Qxa7 c6 32. dxc6 bxc6 33. Ng5+ Kf8 34. Qa8+ Re8 35. Qb7 Re7 36. Qxc6 e4 37. Ne6+ Kf7 38. Ng5+ Kg7 39. Ne6+ Kh6 40. Nf4 Re5 41. b5 e3 42. Ne2 Ng4 43. Qf3 Kg5 44. b6 Rf5 45. Qg3 Be5 46. Qe1 Rf2 47. b7 Bh2+ 48. Kh1 Bb8 49. Nd4 Kf4 50. Nc6 e2 51. Kg1 Bc7 52. Qxf2+ Nxf2 53. Kxf2 Ke4 54. Kxe2 Kf5 55. b8=Q 1-0


[Site "https://www.chess.com"]

[Event "Titled Tuesday Blitz March 01 Early 2022"]
[White "Paravyan, David"]
[Black "Tari, Aryan"]
[WhiteFideId "4194985"]
[BlackFideId "1510045"]
[WhiteElo "2569"]
[BlackElo "2567"]
[Result "1-0"]
[Round "11"]
[TimeControl "180+1"]
[Date "2022.03.01"]
[WhiteClock "0:00:06"]
[BlackClock "0:00:01"]

1. e4 c6 2. d4 d5 3. e5 Bf5 4. Nf3 e6 5. Be2 Ne7 6. O-O c5 7. dxc5 Nec6 8. Bg5 Be7 9. Bxe7 Qxe7 10. c4 dxc4 11. Nbd2 c3 12. bxc3 O-O 13. Nc4 Nd7 14. Nd4 Ndxe5 15. Nxe5 Nxe5 16. Nxf5 exf5 17. Qd6 Rfe8 18. Rfd1 Qg5 19. Rd5 Re6 20. Qc7 Rae8 21. h3 Qf4 22. Qxb7 Nf3+ 23. gxf3 Rxe2 24. Rd4 Qg5+ 25. Kf1 Qh5 26. h4 g5 27. Qd5 Qg6 28. c6 gxh4 29. Rxh4 R2e5 30. Qc4 Kh8 31. Qf4 Qxc6 32. Qh6 Qg6 33. Qxg6 fxg6 34. Rd1 R8e7 35. Rd2 Rc5 36. c4 Rec7 37. Rd6 Kg7 38. Ra6 Rd7 39. Kg2 h5 40. Rh1 Rxc4 41. Re1 Kh6 42. Ree6 Rg7 43. Re5 Kg5 44. Rea5 Rcc7 45. Ra4 h4 46. Kh3 Rc3 47. Kg2 h3+ 48. Kxh3 Re7 49. Kg2 Re2 50. f4+ Kh5 51. Ra3 Rxa3 52. Rxa3 Kg4 53. Ra4 Rb2 54. Rxa7 Kxf4 55. a4 g5 56. Rc7 Rb4 57. a5 Ra4 58. Rc5 g4 59. Rb5 Ra2 60. Rb4+ Kg5 61. Rb5 Kf6 62. Kg3 Ra3+ 63. Kg2 f4 64. Rc5 Ke6 65. Rb5 Kf6 66. Rc5 Ra2 67. Kg1 f3 68. Rb5 Ke6 69. Rg5 Ra4 70. Kh2 Kf6 71. Rb5 Ra1 72. Kg3 Rg1+ 73. Kf4 Rg2 74. a6 g3 75. a7 gxf2 76. a8=Q f1=Q 77. Qa6+ 1-0


[Site "https://www.chess.com"]

[Event "Titled Tuesday Blitz March 01 Early 2022"]
[White "Petrova, Irina"]
[Black "Jarocka, Liwia"]
[WhiteFideId "14124122"]
[BlackFideId "21807558"]
[WhiteElo "1988"]
[BlackElo "1896"]
[Result "0-1"]
[Round "11"]
[TimeControl "180+1"]
[Date "2022.03.01"]
[WhiteClock "0:00:23"]
[BlackClock "0:00:52"]

1. e4 c6 2. d4 d5 3. e5 Bf5 4. h4 h5 5. Bd3 Bxd3 6. Qxd3 Qa5+ 7. Nd2 Qa6 8. e6 Qxd3 9. exf7+ Kxf7 10. cxd3 Nd7 11. Ndf3 e6 12. Ng5+ Ke7 13. b3 Nh6 14. Ba3+ Kf6 15. Bb2 Nf7 16. N1f3 Bb4+ 17. Ke2 Nxg5 18. hxg5+ Ke7 19. Ne5 Nxe5 20. dxe5 g6 21. f4 Kd7 22. Rh3 Raf8 23. Ke3 Rf7 24. Rah1 Rhf8 25. Rh4 Bc5+ 26. d4 Be7 27. Bc1 c5 28. Kd3 cxd4 29. g4 hxg4 30. Rxg4 Rc8 31. Kxd4 Rc2 32. a4 Rf2 33. Rh6 Rf3 34. Rxg6 b6 35. Be3 Bc5+ 36. Kd3 Rxe3+ 37. Kd2 Rxb3 38. Rh6 Rb2+ 39. Kc3 Rf2 40. g6 Rg7 41. Rh7 Bf8 42. Kd4 Ke8 43. Ke3 Rf1 44. Ke2 Ra1 45. Rxg7 Bxg7 46. Rh4 Rxa4 47. Rh7 Kf8 48. f5 exf5 49. e6 Re4+ 50. Kf3 Rxe6 51. Kf4 Rxg6 52. Kxf5 Rh6 0-1


[Site "https://www.chess.com"]

[Event "Titled Tuesday Blitz March 01 Early 2022"]
[White "Piesik, Piotr"]
[Black "Yuan, Qingyu"]
[WhiteFideId "1136194"]
[BlackFideId "8609772"]
[WhiteElo "2232"]
[BlackElo "2359"]
[Result "0-1"]
[Round "11"]
[TimeControl "180+1"]
[Date "2022.03.01"]
[WhiteClock "0:01:25"]
[BlackClock "0:00:25"]

1. Nf3 Nf6 2. g3 g6 3. Bg2 Bg7 4. O-O O-O 5. d4 d5 6. c4 c6 7. Nc3 dxc4 8. a4 Na6 9. a5 Be6 10. Qa4 Qc8 11. Ne5 Rd8 12. e3 c5 13. Rd1 cxd4 14. exd4 Ng4 15. Bf4 Nxe5 16. Bxe5 Bxe5 17. dxe5 Nc5 18. Qb5 Qc7 19. f4 Rab8 20. Nd5 Bxd5 21. Bxd5 Nb3 22. Rab1 Nxa5 23. Bf3 Qb6+ 24. Qxb6 axb6 25. Kf2 e6 26. Ke3 Kf8 27. Rxd8+ Rxd8 28. Be4 Ke7 29. h4 h5 30. g4 hxg4 31. Rg1 Rh8 32. Rxg4 Nc6 33. Bf3 Kd7 34. Kf2 Kc7 35. Kg3 Nd4 36. Be4 b5 37. Rg5 b4 0-1


[Site "https://www.chess.com"]

[Event "Titled Tuesday Blitz March 01 Early 2022"]
[White "Piliczewski, Bogusz"]
[Black "Osmonbekov, Talaibek"]
[WhiteFideId "1104144"]
[BlackFideId "2017253"]
[WhiteElo "1896"]
[BlackElo "2135"]
[Result "0-1"]
[Round "11"]
[TimeControl "180+1"]
[Date "2022.03.01"]
[WhiteClock "0:00:06"]
[BlackClock "0:00:48"]

1. d4 e6 2. Nf3 f5 3. Bf4 Nf6 4. h3 g6 5. e3 Bg7 6. Be2 O-O 7. O-O d6 8. Nbd2 Nc6 9. c4 Qe7 10. Bh2 e5 11. a3 h6 12. b4 e4 13. Ne1 Nd8 14. c5 d5 15. b5 Ne6 16. a4 g5 17. Be5 Nd7 18. Bxg7 Qxg7 19. Qb3 Nf6 20. a5 Kh8 21. Nc2 Rg8 22. b6 c6 23. bxa7 g4 24. h4 f4 25. g3 Nh5 26. exf4 Nexf4 27. gxf4 Nxf4 28. Qe3 Qf6 29. Rfe1 Rxa7 30. Qg3 Kh7 31. Bf1 Be6 32. Nb4 Ng6 33. h5 Nh4 34. a6 Nf3+ 0-1


[Site "https://www.chess.com"]

[Event "Titled Tuesday Blitz March 01 Early 2022"]
[White "Pinheiro, Iung Alicio de O."]
[Black "Bintang, Rasyid A. Hidayat"]
[WhiteFideId "2104350"]
[BlackFideId "7105355"]
[WhiteElo "2538"]
[BlackElo "2369"]
[Result "1-0"]
[Round "11"]
[TimeControl "180+1"]
[Date "2022.03.01"]
[WhiteClock "0:00:08"]
[BlackClock "0:00:10"]

1. e4 d5 2. exd5 Nf6 3. Be2 Nxd5 4. d4 Bf5 5. Nf3 e6 6. O-O Nc6 7. c4 Nb6 8. Nc3 Be7 9. d5 exd5 10. cxd5 Nb4 11. Bb5+ c6 12. dxc6 bxc6 13. Be2 O-O 14. a3 N4d5 15. Bd2 Bf6 16. Rc1 Qd6 17. b4 Rad8 18. Na4 Nf4 19. Ba6 Nxa4 20. Qxa4 Be4 21. Bxf4 Qxf4 22. Qb3 Rd5 23. Bc4 Rh5 24. h3 Rxh3 25. Qe3 Qxe3 26. fxe3 Rg3 27. Kf2 Rg6 28. Rfd1 h5 29. Bd3 Bxd3 30. Rxd3 Rg4 31. Rxc6 a5 32. b5 Rb8 33. b6 Kh7 34. Rb3 Rg6 35. Kf1 Bd8 36. Rxg6 Kxg6 37. b7 Kf5 38. Nd4+ Kf6 39. Nc6 Bc7 40. Nxb8 Bxb8 41. Rc3 1-0


[Site "https://www.chess.com"]

[Event "Titled Tuesday Blitz March 01 Early 2022"]
[White "Pischal, Yulia"]
[Black "Mikhalsky, Vladimir"]
[WhiteFideId "14102390"]
[BlackFideId "14144352"]
[WhiteElo "1931"]
[BlackElo "2248"]
[Result "0-1"]
[Round "11"]
[TimeControl "180+1"]
[Date "2022.03.01"]
[WhiteClock "0:00:19"]
[BlackClock "0:01:11"]

1. e4 c5 2. Nc3 Nc6 3. g3 g6 4. Bg2 Bg7 5. d3 d6 6. f4 e6 7. Nf3 Nge7 8. O-O Nd4 9. Ne2 Nec6 10. c3 Nxf3+ 11. Bxf3 f5 12. Be3 O-O 13. Qd2 Kh8 14. Rae1 e5 15. Bg2 fxe4 16. dxe4 Be6 17. Rd1 Bxa2 18. Qxd6 Nd4 19. Rxd4 cxd4 20. Qxd8 Raxd8 21. cxd4 exd4 22. Bd2 Rc8 23. e5 Rc2 24. Rd1 Rxb2 25. Nxd4 Rd8 26. Be3 Bf8 27. Rc1 b6 28. Nc6 Rd3 29. Bf2 Rdd2 30. Rf1 Bc5 31. e6 Bxf2+ 32. Kh1 Bc5 33. e7 Bxe7 34. Nxe7 Rxg2 0-1


[Site "https://www.chess.com"]

[Event "Titled Tuesday Blitz March 01 Early 2022"]
[White "Polster, Christian"]
[Black "Van den Dikkenberg, Erik"]
[WhiteFideId "12965081"]
[BlackFideId "1005880"]
[WhiteElo "2282"]
[BlackElo "2118"]
[Result "1-0"]
[Round "11"]
[TimeControl "180+1"]
[Date "2022.03.01"]
[WhiteClock "0:00:16"]
[BlackClock "0:00:19"]

1. e4 c5 2. Nc3 d6 3. Nge2 g6 4. d4 cxd4 5. Nxd4 Bg7 6. Be3 Nf6 7. f3 O-O 8. Bc4 a6 9. Qd2 b5 10. Bb3 Qc7 11. O-O-O Nbd7 12. g4 Nc5 13. Kb1 b4 14. Nd5 Nxd5 15. exd5 a5 16. Bh6 a4 17. Bc4 b3 18. h4 a3 19. cxb3 axb2 20. Bxg7 Kxg7 21. h5 Qa5 22. b4 Qa4 23. Qxb2 f6 24. Bb5 Qa7 25. Nc6 Qb6 26. bxc5 dxc5 27. Nxe7 Rf7 28. Nxc8 Rxc8 29. d6 Rb8 30. a4 Ra7 31. g5 Qd8 32. hxg6 hxg6 33. gxf6+ Qxf6 34. Rh7+ Kxh7 35. Qxf6 Rxa4 36. Rh1+ Kg8 37. Rh8# 1-0


[Site "https://www.chess.com"]

[Event "Titled Tuesday Blitz March 01 Early 2022"]
[White "Potapova, Margarita"]
[Black "Kukula, Pawel"]
[WhiteFideId "14126869"]
[BlackFideId "1115081"]
[WhiteElo "2209"]
[BlackElo "2203"]
[Result "0-1"]
[Round "11"]
[TimeControl "180+1"]
[Date "2022.03.01"]
[WhiteClock "0:00:04"]
[BlackClock "0:00:43"]

1. d4 Nf6 2. c4 e6 3. Nc3 c5 4. d5 exd5 5. cxd5 Bd6 6. Nf3 Bc7 7. g3 d6 8. Bg2 a6 9. a4 Nbd7 10. O-O O-O 11. Nd2 Re8 12. Nc4 Ne5 13. Na3 Rb8 14. h3 Ng6 15. e4 Bd7 16. Qd3 Ne5 17. Qe2 Ng6 18. h4 Ba5 19. Nc4 Bc7 20. a5 Ne5 21. Bf4 Nxc4 22. Qxc4 Nh5 23. Bg5 Qc8 24. Rfe1 h6 25. Bd2 Qd8 26. b4 cxb4 27. Qxb4 Rc8 28. Qxb7 Rb8 29. Qxa6 Ra8 30. Qe2 Nf6 31. a6 Bg4 32. Qd3 Nd7 33. f3 Ne5 34. Qf1 Bc8 35. Reb1 f5 36. Bf4 Ng6 37. Bd2 f4 38. h5 fxg3 39. hxg6 Bb6+ 40. Rxb6 Qxb6+ 41. Kh1 Qd8 42. Be3 Qh4+ 43. Bh3 Bxh3 44. Qe2 Bf1+ 45. Kg1 Bxe2 46. Nxe2 Qh2+ 47. Kf1 g2+ 48. Kf2 g1=Q# 0-1


[Site "https://www.chess.com"]

[Event "Titled Tuesday Blitz March 01 Early 2022"]
[White "Qashashvili, Alexandre"]
[Black "Politov, Pavel Y."]
[WhiteFideId "13600842"]
[BlackFideId "24110515"]
[WhiteElo "2316"]
[BlackElo "2090"]
[Result "1/2-1/2"]
[Round "11"]
[TimeControl "180+1"]
[Date "2022.03.01"]
[WhiteClock "0:01:02"]
[BlackClock "0:00:15"]

1. e4 c5 2. Nc3 d6 3. Nf3 Nf6 4. d3 Nc6 5. Be3 g6 6. Qd2 Bg7 7. Bh6 O-O 8. h4 Bxh6 9. Qxh6 Ng4 10. Qd2 h5 11. g3 e5 12. Nd5 Be6 13. Ne3 Nd4 14. Nxd4 cxd4 15. Nxg4 Bxg4 16. Be2 Qd7 17. Bxg4 Qxg4 18. Qe2 Qxe2+ 19. Kxe2 f5 20. f3 fxe4 21. fxe4 Rac8 22. Rac1 Kf7 23. Rhf1+ Ke6 24. Rxf8 Rxf8 25. Rf1 Rxf1 26. Kxf1 d5 27. Ke2 dxe4 28. dxe4 Kd6 29. Kd3 Kc5 30. c3 dxc3 31. Kxc3 a5 32. a4 b5 33. b3 bxa4 34. bxa4 Kd6 35. Kd2 Kd7 36. Kc2 Kc7 37. Kd3 Kd6 38. Kd2 Kc6 39. Kc2 Kc5 40. Kc3 Kd6 41. Kd3 Kd7 42. Kc4 Kc6 43. Kb3 Kc7 44. Kc2 Kb6 45. Kd2 Kc7 46. Ke3 Kd6 47. Kd3 Kc7 48. Ke3 Kd6 49. Kd2 1/2-1/2


[Site "https://www.chess.com"]

[Event "Titled Tuesday Blitz March 01 Early 2022"]
[White "Reprintsev, Alexander"]
[Black "Janaszak, Dawid"]
[WhiteFideId "14100541"]
[BlackFideId "1119206"]
[WhiteElo "2126"]
[BlackElo "2199"]
[Result "0-1"]
[Round "11"]
[TimeControl "180+1"]
[Date "2022.03.01"]
[WhiteClock "0:00:53"]
[BlackClock "0:00:38"]

1. e4 e6 2. Qe2 e5 3. f4 d6 4. Nf3 Nc6 5. c3 Bg4 6. h3 Bxf3 7. Qxf3 Nf6 8. Bb5 Qd7 9. d4 a6 10. dxe5 axb5 11. exf6 gxf6 12. O-O O-O-O 13. a4 b4 14. a5 Kb8 15. a6 b6 16. cxb4 d5 17. b5 Nd4 18. Qf2 Bc5 19. Be3 dxe4 20. Nc3 Rhg8 21. Kh1 Nf5 22. Bxc5 Ng3+ 23. Kh2 Nxf1+ 24. Rxf1 bxc5 25. Qxc5 Qd6 26. Qxd6 Rxd6 27. Nxe4 Rb6 28. Rc1 Rxb5 29. Nxf6 Rd8 30. Rc2 Rd6 31. Nxh7 Rxa6 32. Ng5 Rf6 33. Rf2 Rxg5 0-1


[Site "https://www.chess.com"]

[Event "Titled Tuesday Blitz March 01 Early 2022"]
[White "Roberson, Peter T"]
[Black "Li, Ben"]
[WhiteFideId "412384"]
[BlackFideId "2089980"]
[WhiteElo "2346"]
[BlackElo "2267"]
[Result "1-0"]
[Round "11"]
[TimeControl "180+1"]
[Date "2022.03.01"]
[WhiteClock "0:00:04"]
[BlackClock "0:00:25"]

1. e4 e5 2. Nf3 Nc6 3. Bc4 Bc5 4. O-O d6 5. c3 Nf6 6. d4 Bb6 7. dxe5 Nxe5 8. Nxe5 dxe5 9. Qxd8+ Kxd8 10. Bg5 Ke7 11. Nd2 h6 12. Bxf6+ gxf6 13. Rfe1 a6 14. Kf1 h5 15. Bb3 h4 16. Nc4 Bc5 17. Ne3 c6 18. h3 Be6 19. Rad1 Rad8 20. Nf5+ Ke8 21. Rxd8+ Kxd8 22. Rd1+ Ke8 23. Ke2 a5 24. Kf3 Bxf5 25. exf5 Rh5 26. Bc2 Ke7 27. Be4 Rg5 28. g3 hxg3 29. fxg3 Rg8 30. h4 Rd8 31. Rxd8 Kxd8 32. g4 Bf8 33. g5 Ke7 34. Kg4 Bg7 35. g6 fxg6 36. fxg6 Bh6 37. Kf5 Bc1 38. h5 Bh6 39. b4 axb4 40. cxb4 Bg5 41. a4 Kf8 42. b5 cxb5 43. axb5 b6 44. Bd5 Kg7 45. Bb3 Bh4 46. Bc2 Kh6 47. Ke6 Kg7 48. h6+ Kf8 49. g7+ Kg8 50. Bh7+ Kxh7 51. Kf7 Kxh6 52. g8=Q Kh5 53. Qg6# 1-0


[Site "https://www.chess.com"]

[Event "Titled Tuesday Blitz March 01 Early 2022"]
[White "Rodchenkov, Vitaly"]
[Black "Dauner, Benedikt"]
[WhiteFideId "4152964"]
[BlackFideId "16225899"]
[WhiteElo "2337"]
[BlackElo "2230"]
[Result "0-1"]
[Round "11"]
[TimeControl "180+1"]
[Date "2022.03.01"]
[WhiteClock "0:00:08"]
[BlackClock "0:00:12"]

1. Nf3 e6 2. c4 b6 3. b3 Bb7 4. Bb2 Nf6 5. e3 Be7 6. d4 O-O 7. Bd3 d5 8. O-O Nbd7 9. Nc3 a6 10. Qe2 Ne4 11. Rac1 f5 12. Rfd1 c6 13. Ne5 Nxe5 14. dxe5 Qe8 15. f3 Nxc3 16. Bxc3 Ba3 17. Bb2 Bc5 18. Kh1 Qh5 19. a3 Qh6 20. f4 a5 21. Qe1 Rfc8 22. b4 axb4 23. axb4 Bf8 24. c5 bxc5 25. bxc5 Ba6 26. Bd4 Bxd3 27. Rxd3 Ra2 28. Rd2 Rca8 29. h3 Qg6 30. Kh2 Qe8 31. Rxa2 Rxa2 32. Ra1 Qa8 33. Rxa2 Qxa2 34. Qb4 Qa8 35. Qb6 Qe8 36. Qc7 Be7 37. g3 Kf7 38. Kg2 h6 39. Kf3 g5 40. g4 Kg6 41. Qb7 h5 42. Qc7 hxg4+ 43. hxg4 fxg4+ 44. Kxg4 gxf4 45. exf4 Qf7 46. Kf3 Kf5 47. Ke3 Qh7 48. Kd3 Kxf4+ 49. Kc3 Ke4 50. Qxc6 Qh3+ 51. Kb4 Kxd4 52. Qxe6 Qc3+ 53. Kb5 Qxc5+ 54. Ka6 Qa3+ 55. Kb7 Bc5 56. Qc6 Qa7+ 57. Kc8 Kc4 58. e6 d4 59. Qd7 Qxd7+ 60. exd7 Bb6 61. Kb7 Ba5 62. Ka6 Bd8 63. Kb7 d3 64. Kc8 Bh4 0-1


[Site "https://www.chess.com"]

[Event "Titled Tuesday Blitz March 01 Early 2022"]
[White "Romanchuk, Viktor"]
[Black "Alfaro, William"]
[WhiteFideId "14109271"]
[BlackFideId "6100457"]
[WhiteElo "2242"]
[BlackElo "2066"]
[Result "0-1"]
[Round "11"]
[TimeControl "180+1"]
[Date "2022.03.01"]
[WhiteClock "0:00:51"]
[BlackClock "0:01:43"]

1. d4 Nf6 2. c4 g6 3. Nc3 Bg7 4. Nf3 d6 5. g3 O-O 6. Bg2 Nc6 7. O-O e5 8. dxe5 dxe5 9. Qxd8 Rxd8 10. Bg5 Be6 11. Nd2 Nd4 12. b3 c6 13. Rad1 Rd7 14. e3 Nc2 15. Bxf6 Bxf6 16. Nde4 Be7 17. Rxd7 Bxd7 18. Rd1 Be6 19. Nd6 Rb8 20. c5 Nb4 21. a3 Na6 22. b4 b6 23. cxb6 axb6 24. Bxc6 Nc7 25. Ncb5 Nxb5 26. Nxb5 Rc8 27. Bd5 Bg4 28. f3 Bh3 29. Rd2 Rc1+ 30. Kf2 Rh1 31. Ke2 Rxh2+ 32. Kd3 Bf1+ 33. Kc3 Rxd2 34. Kxd2 Bxb5 0-1


[Site "https://www.chess.com"]

[Event "Titled Tuesday Blitz March 01 Early 2022"]
[White "Rudzinska, Michalina"]
[Black "Tsyhanchuk, Stanislav"]
[WhiteFideId "1172883"]
[BlackFideId "13505130"]
[WhiteElo "1904"]
[BlackElo "2078"]
[Result "1-0"]
[Round "11"]
[TimeControl "180+1"]
[Date "2022.03.01"]
[WhiteClock "0:00:40"]
[BlackClock "0:00:10"]

1. e4 c5 2. Nf3 d6 3. d4 cxd4 4. Nxd4 Nf6 5. Nc3 a6 6. h4 e5 7. Nb3 Be7 8. f4 Nc6 9. f5 b5 10. a3 Bb7 11. g4 h5 12. g5 Ng4 13. Be2 Qb6 14. Bxg4 hxg4 15. Qxg4 Nd4 16. Nxd4 exd4 17. Nd5 Bxd5 18. exd5 Qc5 19. Qe4 O-O-O 20. Bd2 Bxg5 21. Bxg5 Rde8 22. Be7 Kd7 23. O-O-O Rxe7 24. Qg4 f6 25. Rhe1 Rhe8 26. Rxe7+ Rxe7 27. Rxd4 Qc8 28. Re4 Qe8 29. Rxe7+ Qxe7 30. Kd2 Kc8 31. Qe2 Qc7 32. Qe6+ Kb7 33. h5 Qc5 34. Qe4 Qf2+ 35. Kc3 Qg3+ 36. Kb4 Qh2 37. Ka5 Qd2+ 38. b4 Qc3 39. Qe7+ Ka8 40. Kxa6 Qxa3+ 41. Kb6 Qe3+ 42. Qxe3 Kb8 43. Qe8# 1-0


[Site "https://www.chess.com"]

[Event "Titled Tuesday Blitz March 01 Early 2022"]
[White "Sadhwani, Raunak"]
[Black "Lazavik, Denis"]
[WhiteFideId "35093487"]
[BlackFideId "13515110"]
[WhiteElo "2616"]
[BlackElo "2436"]
[Result "0-1"]
[Round "11"]
[TimeControl "180+1"]
[Date "2022.03.01"]
[WhiteClock "0:00:03"]
[BlackClock "0:00:06"]

1. d4 d5 2. Nf3 Nf6 3. Bf4 c5 4. e3 Nc6 5. Nbd2 Bg4 6. c3 e6 7. Qb3 Qc8 8. h3 Bh5 9. Nh4 Be7 10. g4 Bg6 11. Nxg6 hxg6 12. Bg2 cxd4 13. exd4 Qd7 14. O-O Bd6 15. Bxd6 Qxd6 16. f4 O-O 17. a4 a6 18. a5 Qc7 19. Qa3 Rac8 20. Rf2 Ne8 21. f5 gxf5 22. gxf5 Nd6 23. fxe6 fxe6 24. Raf1 Rxf2 25. Rxf2 Nxa5 26. Qa1 Rf8 27. Rxf8+ Kxf8 28. Qe1 Qe7 29. Nf3 Nc6 30. Nh2 Nf5 31. Ng4 Qd6 32. Qe2 Ke7 33. Qd2 Kd7 34. Qg5 Qg3 35. Kh1 Kc7 36. Qd2 Nh4 37. Bf1 Nf3 38. Qe3 e5 39. Bg2 e4 40. Bxf3 Qxh3+ 41. Nh2 exf3 42. Qxf3 Qxf3+ 43. Nxf3 Kd6 44. Kg2 a5 45. Kf2 a4 46. Ke3 Na5 47. Kd3 Ke6 48. Nd2 Kf5 49. Nf1 g5 50. Ne3+ Ke6 51. Ke2 b5 52. Kd3 Nc4 53. Nd1 g4 54. Ke2 Kf5 55. Kd3 Kf4 56. Ke2 g3 0-1


[Site "https://www.chess.com"]

[Event "Titled Tuesday Blitz March 01 Early 2022"]
[White "Sahin, Handenur"]
[Black "Dias, Joao Batista"]
[WhiteFideId "6334865"]
[BlackFideId "2108240"]
[WhiteElo "2185"]
[BlackElo "1898"]
[Result "0-1"]
[Round "11"]
[TimeControl "180+1"]
[Date "2022.03.01"]
[WhiteClock "0:00:03"]
[BlackClock "0:00:13"]

1. e4 e5 2. Nf3 d6 3. Bc4 Be7 4. d4 exd4 5. Nxd4 Nf6 6. Nc3 O-O 7. O-O Nxe4 8. Nxe4 d5 9. Bd3 dxe4 10. Bxe4 Bf6 11. c3 c5 12. Nb3 Qc7 13. Qf3 Nc6 14. Bf4 Ne5 15. Qg3 Re8 16. Rad1 Bd7 17. Bd5 Bf5 18. h4 Rad8 19. c4 b6 20. h5 Qe7 21. h6 Ng6 22. hxg7 Nxf4 23. Qxf4 Qe5 24. Qd2 Qxb2 25. Qf4 Qe5 26. Qf3 Bxg7 27. Nc1 Qf6 28. Nd3 Bxd3 29. Qxd3 Kh8 30. Rfe1 Rxe1+ 31. Rxe1 Rg8 32. Re3 Qa1+ 33. Kh2 Be5+ 34. g3 Qb2 35. Rf3 Rg6 36. Bxf7 Bxg3+ 37. Rxg3 Qxf2+ 38. Kh3 Rh6+ 39. Kg4 Qxf7 40. Qd8+ Kg7 41. Rf3 Qxc4+ 42. Rf4 Qe6+ 43. Kg3 Qe3+ 44. Rf3 Rg6+ 45. Kh4 Qxf3 46. Qe7+ Qf7 47. Qe5+ Kg8 48. a4 Qf6+ 49. Qxf6 Rxf6 0-1


[Site "https://www.chess.com"]

[Event "Titled Tuesday Blitz March 01 Early 2022"]
[White "Samunenkov, Ihor"]
[Black "Brunner, Nicolas"]
[WhiteFideId "14187086"]
[BlackFideId "620246"]
[WhiteElo "2406"]
[BlackElo "2372"]
[Result "1-0"]
[Round "11"]
[TimeControl "180+1"]
[Date "2022.03.01"]
[WhiteClock "0:00:03"]
[BlackClock "0:00:02"]

1. e4 e5 2. Nf3 Nc6 3. Bb5 a6 4. Ba4 Nf6 5. O-O Be7 6. Re1 b5 7. Bb3 d6 8. a4 Bg4 9. c3 O-O 10. d3 Na5 11. Bc2 c5 12. Nbd2 Nc6 13. Nf1 d5 14. Ne3 Bxf3 15. Qxf3 dxe4 16. dxe4 c4 17. Nf5 Kh8 18. Be3 Qc7 19. Qg3 Nh5 20. Qg4 g6 21. Nxe7 Qxe7 22. Rad1 Rad8 23. axb5 axb5 24. Bg5 f6 25. Bh6 Rfe8 26. Rd5 Rxd5 27. exd5 Nd8 28. h3 Nf7 29. Be3 Nd6 30. Ra1 f5 31. Qe2 f4 32. Ra7 Qf6 33. Bc5 Nf5 34. Bxf5 Qxf5 35. d6 Nf6 36. Re7 Rxe7 37. dxe7 Kg8 38. Qd2 Qd3 39. Qe1 e4 40. Bd4 Ne8 41. Qa1 Kf7 42. Qa8 Kxe7 43. Qb7+ Ke6 44. Qxh7 e3 45. Qg8+ Ke7 46. fxe3 fxe3 47. Bc5+ Kd8 48. Qe6 Qd1+ 49. Kh2 e2 50. Qe7+ Kc8 51. Qxe8+ Kb7 52. Qe7+ Kc8 53. Bf2 Qd3 54. Qe8+ Kb7 55. Qe7+ Kc8 56. h4 1-0


[Site "https://www.chess.com"]